 Dungeon Crawl Stone Soup version 0.31-a0-667-g39726597b9 (webtiles) character file.

Game seed: 562836882169838444

94 SmokeWeed the Shooter (level 4, -1/26 HPs)
             Began as a Deep Elf Hunter on Sept 4, 2023.
             Slain by Pargi (2 damage)
             ... in a sewer.
             The game lasted 00:04:49 (2041 turns).

SmokeWeed the Shooter (Deep Elf Hunter)             Turns: 2041, Time: 00:04:51

Health: -1/26      AC: 10    Str:  8    XL:     4   Next: 38%
Magic:  6/6        EV: 11    Int: 14    God:
Gold:   146        SH:  0    Dex: 20    Spells: 3/3 levels left

rFire   + . .        a - +0 shortbow
rCold   + . .        (shield currently unavailable)
rNeg    . . .        g - +1 ring mail {rF+}
rPois   .            d - +2 helmet
rElec   .            (no cloak)
rCorr   .            j - +0 pair of gloves
SInv    .            (no boots)
Will    .....        (no amulet)
Stlth   +            r - ring of protection from cold
HPRegen 0.24/turn    (no ring)
MPRegen 0.10/turn

%: no passive effects
@: no status effects
A: no striking features
a: no special abilities


You were in a sewer.
You visited 1 branch of the dungeon, and saw 3 of its levels.
You also visited: Sewer.

You collected 146 gold pieces.

Inventory:

Hand Weapons
 a - a +0 shortbow (weapon)
Missiles
 h - 11 poisoned darts
Armour
 d - a +2 helmet (worn)
 g - a +1 ring mail of fire resistance (worn)
 j - a +0 pair of gloves (worn)
Jewellery
 r - a ring of protection from cold (left hand)
 s - an amulet of faith
Wands
 t - a wand of paralysis (5)
Scrolls
 b - a scroll of butterflies
 c - 2 scrolls of enchant armour
 i - a scroll of immolation {unknown}
 k - a scroll of revelation {unknown}
 l - a scroll of identify {unknown}
 m - a scroll of vulnerability {unknown}
Potions
 e - 2 potions of lignification {unknown}
 f - 2 potions of curing {unknown}
 n - a potion of heal wounds {unknown}
 o - a potion of ambrosia {unknown}
 p - a potion of haste {unknown}
 q - a potion of resistance {unknown}


   Skills:
 + Level 1.9 Fighting
 + Level 7.2 Ranged Weapons
 + Level 0.8 Armour
 + Level 2.6 Dodging
 + Level 1.2 Stealth


You had 3 spell levels left.
You didn't know any spells.
Your spell library was empty.

Dungeon Overview and Level Annotations

Branches:
Dungeon (3/15)              Sewer (1/1)

Altars:

Shops:
D:2 *

Annotations:
Sewer Pargi


Message History

Pargi bites you but does no damage. Pargi claws you but does no damage.
Pargi claws you.
You shoot an arrow. The arrow hits Pargi!
Pargi is almost dead.
Pargi bites you but does no damage. Pargi claws you. Pargi barely misses you.
You shoot an arrow. The arrow barely misses Pargi.
Pargi bites you but does no damage. Pargi claws you but does no damage. x2
Pargi bites you. Pargi claws you but does no damage. x2
You are too injured to fight recklessly!
You are too injured to fight recklessly!
You are too injured to fight recklessly!
Fire: a) +0 shortbow
Press: ? - help, Q - select action, (/) - cycle Shift-Dir - straight line, f/p - Pargi
Aim: Pargi (almost dead, 59% to hit)
You shoot an arrow. The arrow misses Pargi.
Pargi bites you.
* * * LOW HITPOINT WARNING * * *
Pargi claws you.
* * * LOW HITPOINT WARNING * * *
Pargi claws you but does no damage.
Fire: a) +0 shortbow
Press: ? - help, Q - select action, (/) - cycle Shift-Dir - straight line, f/p - Pargi
Aim: Pargi (severely wounded, 59% to hit)
You shoot an arrow. The arrow hits Pargi.
Pargi is almost dead.
Pargi bites you.
* * * LOW HITPOINT WARNING * * *
Pargi closely misses you. Pargi barely misses you.
Fire: a) +0 shortbow
Press: ? - help, Q - select action, (/) - cycle Shift-Dir - straight line, f/p - Pargi
Aim: Pargi (almost dead, 59% to hit)
You shoot an arrow. The arrow barely misses Pargi.
Pargi closely misses you. x2; Pargi claws you.
* * * LOW HITPOINT WARNING * * *
Fire: a) +0 shortbow
Press: ? - help, Q - select action, (/) - cycle Shift-Dir - straight line, f/p - Pargi
Aim: Pargi (severely wounded, 59% to hit)
You shoot an arrow. The arrow barely misses Pargi.
Pargi bites you but does no damage. Pargi claws you.
You die...

#### ..~.## ## [
## ~....### #.
$.##.. #..~~.###
#. ##~.~~
#...~.###~ ..~..~#
##~.~..~.~
#....~###
###...~.###.
#...~.####.~~..###
#.
###T@..~.~~..###
#. ###....~.### ##
######## # # #


You could see Pargi.

Vanquished Creatures
  3 adders
  A worm (D:3)
  A dart slug (D:1)
  An orc (D:3)
  4 bats
  4 endoplasms
  A giant cockroach (D:2)
  4 goblins
  7 hobgoblins
  7 jackals
  4 kobolds
  2 quokkas
  6 ball pythons
  5 frilled lizards
  8 rats
58 creatures vanquished.

Notes
Turn   | Place    | Note
-------+----------+-------------------------------------------
     0 | D:1      | SmokeWeed the Deep Elf Hunter began the quest for the Orb.
     0 | D:1      | Reached XP level 1. HP: 12/12 MP: 3/3
   146 | D:1      | Reached XP level 2. HP: 16/16 MP: 4/4
   190 | D:1      | Reached skill level 6 in Ranged Weapons
   753 | D:1      | Reached XP level 3. HP: 21/21 MP: 5/5
  1039 | D:2      | Found a faded altar of an unknown god.
  1233 | D:2      | Found Efaleets's General Store.
  1772 | D:3      | Reached XP level 4. HP: 26/26 MP: 6/6
  1845 | D:3      | Reached skill level 7 in Ranged Weapons
  1976 | D:3      | Found a glowing drain.
  1985 | Sewer    | Entered a sewer
  2021 | Sewer    | Noticed Pargi
  2040 | Sewer    | HP: 1/26 [Pargi (2)]
  2041 | Sewer    | Slain by Pargi

Illustrated notes

Levels and vault maps discovered:
D:1:      dpeg_arrival_ratfight, layout_basic
D:2:      layout_loops_corners, serial_shops, shop, ebering_ecumenical_altar_box
D:3:      layout_loops_ring, mainiacjoe_overflow_paths, portal_sewer_entry_d,
          minmay_distorted
Sewer:    sewer_the_moccasin

Skill      XL: |  1  2  3  4 |
---------------+-------------+-----
Ranged Weapons | 6 7 |  7.2
Fighting       | |  1.9
Armour         | |  0.8
Dodging        | |  2.6
Stealth        | |  1.2

Action                     |  1- 3 |  4- 6 || total
---------------------------+-------+-------++-------
   Fire: Shortbow          |    89 |    61 ||   150
    Use: Scroll            |     4 |       ||     4
 Armour: Leather armour    |     5 |       ||     5
         Ring mail         |    10 |    36 ||    46
  Dodge: Dodged            |    16 |    31 ||    47

Table legend: (Time is in decaauts)
 A = Elapsed time spent in this place.
 B = Non-inter-level travel time spent in this place.
 C = Inter-level travel time spent in this place.
 D = Time resting spent in this place.
 E = Time spent auto-exploring this place.
 F = Levels seen in this place.
 G = Mean time per level.
                   A        B        C        D        E       F      G
               +--------+--------+--------+--------+--------+-----+--------+
         Total |   2081 |   2066 |     15 |      0 |   1653 |   4 |  520.2 |
       Dungeon |   2015 |   2000 |     15 |      0 |   1623 |   3 |  671.7 |
         Sewer |     65 |     65 |      0 |      0 |     30 |   1 |   65.0 |
               +--------+--------+--------+--------+--------+-----+--------+

Top non-repeatable levels by time:
     D:1: 898 daAuts
     D:2: 760 daAuts
     D:3: 357 daAuts
   Sewer: 65 daAuts
